 Dungeon Crawl Stone Soup version 0.32-a0-593-g85ff8e36a1 (webtiles) character file.

Game seed: 7022214180462310898

5579 pokeman the Thaumaturge (level 10, -6/56 HPs)
             Began as a Deep Elf Hedge Wizard on Mar 2, 2024.
             Was a Believer of Vehumet.
             Killed from afar by a steam dragon (21 damage)
             ... with a ball of steam
             ... on level 8 of the Dungeon.
             The game lasted 00:23:21 (9643 turns).

pokeman the Thaumaturge (Deep Elf Hedge Wizard)     Turns: 9643, Time: 00:23:22

Health: -6/56      AC: 10    Str: 13    XL:     10   Next: 44%
Magic:  21/29      EV: 18    Int: 24    God:    Vehumet [**....]
Gold:   506        SH:  0    Dex: 14    Spells: 21/35 levels left

rFire   . . .        b - +1 whip (elec)
rCold   . . .        (no shield)
rNeg    . . .        I - +5 robe of Misfortune {Harm *Corrode *Slow EV+5}
rPois   .            B - +0 helmet
rElec   .            (no cloak)
rCorr   .            a - +0 pair of gloves
SInv    +            Q - +0 pair of boots
Will    +....        (no amulet)
Stlth   ++           t - ring of see invisible
HPRegen 0.29/turn    E - +6 ring of strength
MPRegen 0.21/turn

%: corrode self (3%), slow self (1%), harm (+30% outgoing, +20% incoming)
@: on blink cooldown, very slightly contaminated
A: no striking features
a: Renounce Religion


You were on level 8 of the Dungeon.
You worshipped Vehumet.
Vehumet was pleased with you.
You visited 2 branches of the dungeon, and saw 9 of its levels.

You collected 506 gold pieces.

Inventory:

Hand Weapons
 b - a +1 whip of electrocution (weapon)
 M - a +0 dagger of venom
Missiles
 l - 3 throwing nets
 L - 6 curare-tipped darts
Armour
 a - a +0 pair of gloves (worn)
 B - a +0 helmet (worn)
 I - the +5 robe of Misfortune (worn) {Harm *Corrode *Slow EV+5}
   (You found it on level 5 of the Dungeon)

   EV+5:      It affects your evasion (+5).
   *Corrode:  It may corrode you when you take damage.
   *Slow:     It may slow you when you take damage.
   Harm:      It increases damage dealt and taken.
 O - a +0 kite shield
 Q - a +0 pair of boots (worn)
Magical Staves
 k - a staff of cold
 w - a staff of air
 F - a staff of alchemy
Jewellery
 t - a ring of see invisible (left hand)
 y - an amulet of faith
 E - a +6 ring of strength (right hand)
Wands
 x - a wand of flame (26)
 D - a wand of paralysis (17)
Scrolls
 c - a scroll of silence {unknown}
 e - 13 scrolls of identify {unknown}
 g - a scroll of amnesia {unknown}
 i - a scroll of acquirement {unknown}
 j - a scroll of torment {unknown}
 m - 5 scrolls of teleportation {unknown}
 o - a scroll of fog {unknown}
 q - a scroll of poison {unknown}
 r - 2 scrolls of immolation {unknown}
 u - a scroll of vulnerability {unknown}
 C - 2 scrolls of enchant armour {unknown}
 G - a scroll of fear {unknown}
 J - a scroll of enchant weapon {unknown}
 K - 2 scrolls of revelation {unknown}
 N - a scroll of brand weapon {unknown}
Potions
 d - a potion of magic
 f - 2 potions of berserk rage {unknown}
 h - 3 potions of lignification {unknown}
 n - 3 potions of might {unknown}
 p - 2 potions of enlightenment {unknown}
 s - 2 potions of degeneration {unknown}
 v - a potion of attraction {unknown}
 z - 2 potions of heal wounds {unknown}
 A - 3 potions of curing
 H - a potion of cancellation {unknown}
 P - a potion of haste {unknown}
 R - a potion of resistance {unknown}


   Skills:
 - Level 4.0 Fighting
 + Level 3.4 Armour
 - Level 3.0 Dodging
 - Level 3.1 Stealth
 * Level 13.4 Spellcasting
 + Level 7.7 Conjurations
 - Level 1.1 Summonings
 - Level 1.1 Translocations
 + Level 7.1 Ice Magic
 - Level 1.1 Air Magic
 - Level 1.1 Alchemy
 - Level 1.1 Evocations


You had 21 spell levels left.
You knew the following spells:

 Your Spells              Type           Power      Damage    Failure   Level
a - Magic Dart            Conj           100%       1d8       1%          1
b - Mephitic Cloud        Conj/Alch/Air  32%        N/A       2%          3
c - Call Imp              Summ           42%        N/A       3%          2
d - Blink                 Tloc           42%        N/A       3%          2
e - Foxfire               Conj/Fire      100%       2x1d9     1%          1
f - Freezing Cloud        Conj/Ice/Air   20%        6-21      12%         5

Your spell library contained the following spells:

 Spells                   Type           Power      Damage    Failure   Level
 Searing Ray              Conj           100%       2d8       1%          2
 Slow                     Hex            64%        N/A       3%          1
 Mercury Vapours          Alch/Air       42%        N/A       3%          2
 Cigotuvi's Dreadful Rot  Necr/Alch/Air  38%        N/A       4%          2


Dungeon Overview and Level Annotations

Branches:
Dungeon (8/15)             Temple (1/1) D:6            Lair (0/5) D:8

Altars:
Ashenzari
Cheibriados
Dithmenos
Elyvilon
Fedhas
Gozag
Hepliaklqana
Kikubaaqudgha
Makhleb
Nemelex Xobeh
Okawaru
Ru
Sif Muna
Trog
Uskayaw
Vehumet
Wu Jian
Xom
Yredelemnul
Zin
The Shining One

Shops:
D:7 (


Message History

The steam dragon is severely wounded.
The steam dragon breathes steam at you. The ball of steam misses you.
The steam dragon misses you. The steam dragon claws you.
You hit the steam dragon.
The steam dragon is severely wounded.
The steam dragon breathes steam at you. The ball of steam hits you!!
* * * LOW HITPOINT WARNING * * *
Unknown command.
The steam dragon attacks as it pursues you!
The steam dragon misses you.
The steam dragon claws you but does no damage.
The steam dragon attacks as it pursues you!
The steam dragon closely misses you. x2
Casting: Freezing Cloud (quite dangerous; 12% risk of failure)
Confirm with . or Enter, or press ? or * to list all spells.
Aiming: Mephitic Cloud (dangerous; 2% risk of failure)
Press: ? - help, Shift-Dir - straight line, f - steam dragon
Aim: a steam dragon (almost dead, chance to affect: 81%)
You miscast Mephitic Cloud.
You are very lightly contaminated with residual magic.
Nothing appears to happen.
The steam dragon breathes steam at you. The ball of steam misses you.
Unknown command.
The steam dragon breathes steam at you. The ball of steam hits you.
* * * LOW HITPOINT WARNING * * *
The steam dragon breathes steam at you. The ball of steam misses you.
Casting: Mephitic Cloud (dangerous; 2% risk of failure)
Confirm with . or Enter, or press ? or * to list all spells.
You blink.
The steam dragon breathes steam at you.
The ball of steam hits the steam dragon!
The steam dragon resists.
The steam dragon dies!
The ball of steam hits you!!
You die...

♣♣♣♣ ##### ###
♣♣$$≈♣♣♣♣♣♣♣♣♣P≈P♣♣♣♣♣♣♣§§§
♣♣}...≈§D.§♣♣..§...≈≈♣≈≈§.§§
♣$....♣§.§..♣.≈§.§§.....§..§
♣♣......♣§≈§.♣...#♣.≈...^.♣≈.
♣.....#.§♣≈.@...#♣#.......≈♣≈
♣......♣.≈.♣.)≈♣#.........≈♣
♣$....♣..≈...≈♣≈...........#
♣♣♣$$≈≈≈.....♣≈....≈≈≈≈≈....
♣♣♣♣♣♣♣♣♣♣♣♣♣♣♣♣....♣..♣♣♣
###### #♣.....♣# ♣♣♣
♣♣♣♣♣.♣..♣♣♣♣...♣...♣♣♣
♣..♣♣..♣#....≈♣≈...♣#♣...≈♣
### ≈......#♣#.†..≈....♣
♣....≈


There were no monsters in sight!

Vanquished Creatures
  A troll (D:8)
  5 yaks
  3 wyverns (D:8)
  A steam dragon (D:8)
  2 water moccasins (D:8)
  2 ice beasts (D:6)
  4 black bears
  An ogre (D:4)
  A crocodile (D:8)
  3 sky beasts (D:8)
  2 wolves (D:8)
  2 centaurs
  A kobold brigand (D:7)
  2 phantoms (D:6)
  4 bullfrogs
  A gnoll sergeant (D:8)
  5 scorpions
  9 killer bees
  A howler monkey (D:4)
  6 electric eels (D:8)
  A bombardier beetle (D:7)
  3 orc priests
  3 jellies
  2 sleepcaps
  A gnoll bouda (D:6)
  7 hounds
  4 iguanas
  Ijyb (D:5)
  An orc wizard (D:7)
  A killer bee zombie (D:8)
  10 gnolls
  4 adders
  A shadow imp (D:7)
  A white imp (D:7)
  3 dart slugs
  3 ribbon worms
  13 orcs
  10 ball pythons
  11 endoplasms
  2 giant cockroaches (D:1)
  9 goblins
  12 hobgoblins
  10 jackals
  2 quokkas
  6 bats
  4 frilled lizards
  5 kobolds
  4 rats
190 creatures vanquished.

Vanquished Creatures (collateral kills)
  2 killer bees
2 creatures vanquished.

Vanquished Creatures (others)
  A steam dragon (D:8)
  A bullfrog (D:8)
  122 foxfires (D:8)
124 creatures vanquished.

Grand Total: 316 creatures vanquished

Notes
Turn   | Place    | Note
-------+----------+-------------------------------------------
     0 | D:1      | pokeman the Deep Elf Hedge Wizard began the quest for the
                  | Orb.
     0 | D:1      | Reached XP level 1. HP: 10/10 MP: 7/7
   211 | D:1      | Reached XP level 2. HP: 16/16 MP: 3/9
   572 | D:1      | Reached skill level 5 in Spellcasting
   698 | D:1      | Reached XP level 3. HP: 15/20 MP: 3/11
   707 | D:1      | Learned a level 3 spell: Mephitic Cloud
   710 | D:1      | Learned a level 2 spell: Call Imp
   713 | D:1      | Learned a level 2 spell: Blink
  1118 | D:1      | Reached skill level 1 in Fighting
  1154 | D:1      | Reached skill level 1 in Armour
  1906 | D:2      | Reached XP level 4. HP: 25/25 MP: 7/13
  2237 | D:2      | Found a faded altar of an unknown god.
  3412 | D:4      | Reached skill level 6 in Spellcasting
  3412 | D:4      | Reached XP level 5. HP: 29/29 MP: 4/15
  3704 | D:4      | Noticed an ogre
  3712 | D:4      | Killed an ogre
  3713 | D:4      | Reached skill level 1 in Ice Magic
  3713 | D:4      | Reached skill level 1 in Air Magic
  3713 | D:4      | Reached skill level 1 in Alchemy
  3713 | D:4      | Reached skill level 1 in Evocations
  3713 | D:4      | Reached XP level 6. HP: 34/34 MP: 10/17
  3962 | D:4      | Found a hazy altar of Hepliaklqana.
  4106 | D:5      | Entered Level 5 of the Dungeon
  4384 | D:5      | Reached skill level 7 in Spellcasting
  4669 | D:5      | Noticed Ijyb
  4671 | D:5      | Paralysed by Ijyb for 4 turns
  4701 | D:5      | Killed Ijyb
  4983 | D:5      | Reached XP level 7. HP: 35/38 MP: 13/19
  5431 | D:5      | Found the +5 robe of Misfortune {Harm *Corrode *Slow EV+5}
  5653 | D:6      | Reached skill level 8 in Spellcasting
  5896 | D:6      | Reached XP level 8. HP: 43/44 MP: 12/22
  5994 | D:6      | Reached skill level 9 in Spellcasting
  6350 | D:6      | Reached skill level 5 in Conjurations
  6739 | D:6      | Reached skill level 10 in Spellcasting
  6961 | D:6      | Found a staircase to the Ecumenical Temple.
  6967 | Temple   | Entered the Ecumenical Temple
  6985 | Temple   | Became a worshipper of Vehumet
  7332 | D:7      | Reached XP level 9. HP: 48/48 MP: 14/25
  7398 | D:7      | Reached skill level 5 in Ice Magic
  7445 | D:7      | Found a burning altar of Makhleb.
  7619 | D:7      | Reached skill level 11 in Spellcasting
  7772 | D:7      | Found a glowing silver altar of Zin.
  7839 | D:7      | Found Elyusoag's Antique Weapon Emporium.
  8170 | D:8      | Reached * piety under Vehumet
  8170 | D:8      | Offered knowledge of Foxfire by Vehumet.
  8174 | D:8      | Learned a level 1 spell: Foxfire
  8443 | D:8      | Learned a level 5 spell: Freezing Cloud
  8827 | D:8      | Reached skill level 12 in Spellcasting
  8837 | D:8      | Noticed a troll
  8843 | D:8      | Killed a troll
  8864 | D:8      | Reached XP level 10. HP: 43/56 MP: 5/28
  9092 | D:8      | Found a staircase to the Lair.
  9199 | D:8      | Reached skill level 13 in Spellcasting
  9529 | D:8      | Offered knowledge of Searing Ray by Vehumet.
  9532 | D:8      | Reached ** piety under Vehumet
  9643 | D:8      | Killed from afar by a steam dragon

Illustrated notes

Levels and vault maps discovered:
D:1:      roderic_crop_circles_arrival_small, layout_loops_ring, st_stairs_11,
          minmay_surrounded
D:2:      cheibrodos_old_hovel, layout_basic, dreamdust_ecumenical_altar_grove
D:3:      layout_rooms
D:4:      layout_cave_pools, worldfamousw_hep_ancestral_shrine
D:5:      layout_loops_ring, minmay_gold_behind_fungi, minivault_5,
          kennysheep_cross_room, uniq_ijyb
D:6:      layout_loops_ring, minmay_temple_entry_enclosed_plants,
          chequers_serial_rivers_micro_a, minmay_microvault
D:7:      layout_cave_pools, grunt_temple_overflow_order_and_chaos_2,
          serial_shops, nicolae_shop_window_shopping
D:8:      regret_index_malice_mire, layout_loops_ring, erik_lair_island
Temple:   mainiacjoe_temple_bowtie_tessellation

Skill      XL: |  1  2  3  4  5  6  7  8  9 10 |
---------------+-------------------------------+-----
Spellcasting   | 5 6 7 8 10 12 13 | 13.4
Fighting       | 1 2 3 4 |  4.0
Armour         | 1 3 |  3.4
Conjurations   | 2 3 4 5 7 |  7.7
Dodging        | 3 |  3.0
Stealth        | 3 |  3.1
Ice Magic      | 1 2 3 4 6 7 |  7.1
Air Magic      | 1 |  1.1
Alchemy        | 1 |  1.1
Evocations     | 1 |  1.1
Summonings     | |  1.1
Translocations | |  1.1

Action                     |  1- 3 |  4- 6 |  7- 9 | 10-12 || total
---------------------------+-------+-------+-------+-------++-------
  Melee: Dagger            |    27 |    21 |       |       ||    48
         Falchion          |       |    17 |    33 |       ||    50
         Whip              |       |       |    55 |    11 ||    66
   Cast: Magic Dart        |   117 |   135 |   154 |     3 ||   409
         Mephitic Cloud    |       |     5 |    31 |     5 ||    41
         Call Imp          |       |     1 |     3 |       ||     4
         Foxfire           |       |       |    24 |    42 ||    66
         Freezing Cloud    |       |       |     4 |     7 ||    11
         Blink             |       |       |     1 |     1 ||     2
  Evoke: Wand              |       |       |    13 |       ||    13
    Use: Potion            |       |       |     1 |       ||     1
   Stab: Sleeping          |       |     1 |       |       ||     1
         Confused          |       |     4 |    15 |       ||    19
 Armour: Robe              |    21 |    17 |    39 |    15 ||    92
  Dodge: Dodged            |    31 |    27 |   108 |    24 ||   190

Table legend: (Time is in decaauts)
 A = Elapsed time spent in this place.
 B = Non-inter-level travel time spent in this place.
 C = Inter-level travel time spent in this place.
 D = Time resting spent in this place.
 E = Time spent auto-exploring this place.
 F = Levels seen in this place.
 G = Mean time per level.
                   A        B        C        D        E       F      G
               +--------+--------+--------+--------+--------+-----+--------+
         Total |   9664 |   9256 |    408 |    540 |   7334 |   9 | 1073.8 |
       Dungeon |   9629 |   9254 |    375 |    540 |   7334 |   8 | 1203.6 |
        Temple |     35 |      2 |     33 |      0 |      0 |   1 |   35.0 |
               +--------+--------+--------+--------+--------+-----+--------+

Top non-repeatable levels by time:
     D:1: 1619 daAuts
     D:6: 1580 daAuts
     D:5: 1571 daAuts
     D:8: 1414 daAuts
     D:2: 996 daAuts
     D:7: 956 daAuts
     D:3: 886 daAuts
     D:4: 604 daAuts
  Temple: 35 daAuts
